AoeStats
← ska_18

Arena

509687263Analyzed
3v3 RM · 3d ago on Sep 27, 2026· 47m 6s· 6 players
Game mode
Random Map
Map size
Normal (6 player)
Population
200
Speed
Normal
Resources
Standard
Victory
Conquest
Starting age
Dark Age
Ending age
Imperial Age
RankedLock teamsTeams togetherTeam positionsShared explorationLock speedFull tech treeHidden civsTurbo modeCheats
Victory
Defeat
🇨🇳 Mongols · China
998
+17
🇵🇪 Lithuanians · Peru
996
+17
🇦🇹 Saracens · Austria
931
+20
🇭🇷 Varangians · Croatia
1035
-19
🇨🇦 Danes · Canada
1011
-18
🇹🇷 Goths · Türkiye
1000
-51
Alp
12:37 Feudal Age
14:34 Wheelbarrow
14:02 Double-Bit Axe
14:32 Gold Mining
17:50 Castle Age
16:54 Horse Collar
19:02 Bow Saw
19:32 Hand Cart
20:43 Town Watch
20:43 Loom
21:21 Stone Mining
23:48 Heavy Plow
25:19 Town Patrol
26:38 Stone Shaft Mining
28:56 Forging
28:47 Scale Mail Armor
32:25 Iron Casting
32:05 Chain Mail Armor
33:11 Caravan
33:42 Coinage
34:28 Squires
33:49 Pikeman
38:21 Anarchy
43:45 Masonry
43:15 Treadmill Crane
43:33 Murder Holes
vmnS;DEVNw;ibFJCQWf'j
1:03 Loom
10:36 Feudal Age
16:07 Castle Age
14:20 Stone Mining
14:55 Double-Bit Axe
15:29 Gold Mining
15:31 Horse Collar
22:33 Bow Saw
23:30 Gambesons
23:46 Squires
24:30 Forging
24:34 Scale Mail Armor
26:10 Iron Casting
27:13 Wheelbarrow
29:41 Hand Cart
33:39 Imperial Age
32:07 Chain Mail Armor
31:42 Fletching
36:23 Chemistry
35:20 Murder Holes
35:30 Siege Engineers
35:47 Ballistics
35:38 Masonry
36:30 Blast Furnace
36:01 Plate Mail Armor
36:56 Hamask
39:25 Elite Jomsviking
41:47 Bodkin Arrow
43:31 Stone Shaft Mining
43:34 Gold Shaft Mining
42:31 Capped Ram
43:49 Conscription
43:46 Arson
45:37 Heavy Scorpion
aHuRa_zg82
3:06 Loom
11:46 Feudal Age
16:06 Castle Age
14:44 Double-Bit Axe
15:53 Horse Collar
27:19 Scale Barding Armor
27:18 Scale Mail Armor
27:30 Forging
28:48 Chain Mail Armor
29:44 Herbal Medicine
30:23 Squires
30:10 Gambesons
30:17 Arson
31:12 Iron Casting
31:29 Bloodlines
33:50 Husbandry
39:01 Imperial Age
37:09 Scale Barding Armor
40:28 Fortified Wall
Im_𝕲
12:10 Feudal Age
13:09 Double-Bit Axe
16:40 Castle Age
16:13 Stone Mining
22:13 Gold Mining
25:11 Bloodlines
25:33 Horse Collar
27:29 Elite Skirmisher
29:32 Light Cavalry
30:45 Fletching
31:05 Forging
33:36 Imperial Age
31:42 Husbandry
32:03 Bow Saw
32:47 Scale Barding Armor
33:58 Ballistics
34:54 Conscription
33:58 Cavalier
40:41 Chemistry
41:15 Wheelbarrow
44:18 Caravan
45:42 Heavy Plow
ska_18
10:34 Feudal Age
13:43 Loom
16:05 Castle Age
14:28 Double-Bit Axe
16:02 Horse Collar
18:05 Wheelbarrow
17:56 Bow Saw
17:33 Town Watch
21:44 Fervor
23:33 Sanctity
23:08 Gold Mining
23:09 Stone Mining
23:24 Heavy Plow
23:20 Stone Mining
25:17 Hand Cart
26:54 Gold Shaft Mining
26:26 Scale Barding Armor
26:31 Forging
26:12 Fletching
27:33 Chain Barding Armor
28:59 Iron Casting
31:37 Imperial Age
30:58 Murder Holes
32:12 Masonry
32:12 Town Patrol
33:32 Chemistry
33:29 Conscription
33:31 Bimaristan
34:28 Blast Furnace
33:24 Bodkin Arrow
33:40 Elite Mameluke
34:54 Coinage
34:55 Bloodlines
34:06 Light Cavalry
34:47 Husbandry
37:56 Two-Man Saw
36:59 Padded Archer Armor
37:34 Plate Barding Armor
37:38 Banking
38:22 Ballistics
38:36 Bracer
38:50 Fortified Wall
38:01 Hussar
42:56 Hoardings
42:29 Siege Engineers
42:14 Guard Tower
42:10 Arrowslits
41:49 Heavy Camel Rider
43:40 Caravan
45:52 Keep
未见将见
11:23 Feudal Age
12:08 Double-Bit Axe
12:07 Horse Collar
14:59 Castle Age
16:02 Bow Saw
15:56 Heavy Plow
21:28 Gold Mining
22:46 Gold Shaft Mining
22:57 Husbandry
24:34 Scale Barding Armor
26:45 Bloodlines
28:54 Forging
36:59 Imperial Age
35:05 Wheelbarrow
34:16 Loom
34:19 Town Watch
37:30 Padded Archer Armor
37:21 Fletching
37:45 Thumb Ring
38:07 Parthian Tactics
38:05 Conscription
37:23 Light Cavalry
37:46 Elite Mangudai
39:49 Chemistry
39:17 Leather Archer Armor
38:58 Bodkin Arrow
39:08 Bodkin Arrow
39:56 Iron Casting
40:07 Ballistics
41:30 Hand Cart
41:16 Town Patrol
45:03 Bracer
46:03 Blast Furnace
45:24 Chain Barding Armor
44:27 Hussar
45:21 Masonry
45:17 Siege Engineers
45:07 Murder Holes
45:23 Fortified Wall
Connection lost

Rejoining the realm…

Still unreachable

The connection could not be restored.

Session expired

The server has moved on; the page needs a fresh start.